BSA
ST CHARLES SHEENS @ SEATTLE PIKES
07/05/2024
 
TOP OF THE 1ST
St Charles Sheens batting - Pitching for Seattle Pikes : RHP Jesús Suárez
Pitching: RHP Jesús Suárez
Batting: LHB Marcos Cantú 0-0: Called Strike
0-1: Ball
1-1: SOLO HOME RUN (Flyball, 7LD), Distance : 352 ft
Batting: RHB Júlio Hernández 0-0: Ground out 1-3 (Groundball, 23)
Batting: RHB Max Rash 0-0: Swinging Strike
0-1: Foul Ball, location: 2F
0-2: Ball
1-2: Strikes out swinging
Batting: LHB Jeff Carter 0-0: Ball
1-0: Ground out 4-3 (Groundball, 13)
Top of the 1st over - 1 run(s), 1 hit(s), 0 error(s), 0 left on base; St Charles 1 - Seattle 0
BOTTOM OF THE 1ST
Seattle Pikes batting - Pitching for St Charles Sheens : RHP Gustavo Ramos
Pitching: RHP Gustavo Ramos
Batting: LHB Chad Weaver 0-0: Foul Ball, location: 2F
0-1: Foul Ball, location: 2F
0-2: Ball
1-2: Fly out, F7 (Flyball, 7LM)
Batting: LHB Robinson Fernández 0-0: Foul Ball, location: 2F
0-1: Ball
1-1: Called Strike
1-2: Strikes out swinging
Batting: RHB Dave Morgan 0-0: Foul Ball, location: 2F
0-1: Ball
1-1: Ball
2-1: Ball
3-1: Foul Ball, location: 2F
3-2: Foul Ball, location: 2F
3-2: Base on Balls
Batting: RHB Manuel Rico 0-0: Ball
1-0: Called Strike
1-1: Foul Ball, location: 2F
1-2: SINGLE (Line Drive, 7S)
Dave Morgan to second
Batting: LHB Eduardo Gómez 0-0: Called Strike
0-1: Swinging Strike
0-2: Ball
1-2: Foul Ball, location: 2F
1-2: Foul Ball, location: 2F
1-2: Ball
2-2: Ground out U3 (Groundball, 3)
Bottom of the 1st over - 0 run(s), 1 hit(s), 0 error(s), 2 left on base; St Charles 1 - Seattle 0
TOP OF THE 2ND
St Charles Sheens batting - Pitching for Seattle Pikes : RHP Jesús Suárez
Batting: RHB Alfredo Rivera 0-0: Called Strike
0-1: Ground out 6-3 (Groundball, 6)
Batting: RHB Kel Pierce 0-0: Foul Ball, location: 2F
0-1: Ball
1-1: Ground out 6-3 (Groundball, 56)
Batting: SHB Richard Bowman 0-0: Foul Ball, location: 2F
0-1: Swinging Strike
0-2: Foul Ball, location: 2F
0-2: Ball
1-2: Foul Ball, location: 2F
1-2: Strikes out looking
Top of the 2nd over - 0 run(s), 0 hit(s), 0 error(s), 0 left on base; St Charles 1 - Seattle 0
BOTTOM OF THE 2ND
Seattle Pikes batting - Pitching for St Charles Sheens : RHP Gustavo Ramos
Batting: RHB Tae-kwon Kwon 0-0: Ball
1-0: Foul Ball, location: 2F
1-1: Fly out, F3 (Line Drive, 3S)
Batting: RHB Iván Gonzáles 0-0: Called Strike
0-1: Fly out, F7 (Flyball, 7M)
Batting: SHB Jong-min Kim 0-0: Foul Ball, location: 2F
0-1: Called Strike
0-2: Ball
1-2: Strikes out swinging
Bottom of the 2nd over - 0 run(s), 0 hit(s), 0 error(s), 0 left on base; St Charles 1 - Seattle 0
TOP OF THE 3RD
St Charles Sheens batting - Pitching for Seattle Pikes : RHP Jesús Suárez
Batting: RHB Dan Tyler 0-0: Ball
1-0: Ball
2-0: Ground out 5-3 (Groundball, 5L)
Batting: RHB Xavier Feliciano 0-0: Ball
1-0: Foul Ball, location: 2F
1-1: Ball
2-1: Ground out 6-3 (Groundball, 6)
Batting: LHB Marcos Cantú 0-0: Called Strike
0-1: Called Strike
0-2: Foul Ball, location: 2F
0-2: Foul Ball, location: 2F
0-2: Ball
1-2: Ground out 5-3 (Groundball, 56)
Top of the 3rd over - 0 run(s), 0 hit(s), 0 error(s), 0 left on base; St Charles 1 - Seattle 0
BOTTOM OF THE 3RD
Seattle Pikes batting - Pitching for St Charles Sheens : RHP Gustavo Ramos
Batting: RHB George Howard 0-0: Ball
1-0: Ground out 1-3 (Groundball, 15)
Batting: LHB Chad Weaver 0-0: Called Strike
0-1: Foul Ball, location: 2F
0-2: Strikes out swinging
Batting: LHB Robinson Fernández 0-0: Ball
1-0: Ground out 6-3 (Groundball, 6M)
Bottom of the 3rd over - 0 run(s), 0 hit(s), 0 error(s), 0 left on base; St Charles 1 - Seattle 0
TOP OF THE 4TH
St Charles Sheens batting - Pitching for Seattle Pikes : RHP Jesús Suárez
Batting: RHB Júlio Hernández 0-0: Fly out, F9 (Line Drive, 9M)
Batting: RHB Max Rash 0-0: Ground out 4-3 (Groundball, 4M)
Batting: LHB Jeff Carter 0-0: Called Strike
0-1: Called Strike
0-2: Ball
1-2: Fly out, F8 (Flyball, 8RD)
Top of the 4th over - 0 run(s), 0 hit(s), 0 error(s), 0 left on base; St Charles 1 - Seattle 0
BOTTOM OF THE 4TH
Seattle Pikes batting - Pitching for St Charles Sheens : RHP Gustavo Ramos
Batting: RHB Dave Morgan 0-0: SOLO HOME RUN (Flyball, 7D), Distance : 378 ft
Batting: RHB Manuel Rico 0-0: Called Strike
0-1: Swinging Strike
0-2: Ball
1-2: Strikes out swinging
Batting: LHB Eduardo Gómez 0-0: Ball
1-0: Ball
2-0: Called Strike
2-1: Swinging Strike
2-2: Ball
3-2: Foul Ball, location: 2F
3-2: Foul Ball, location: 2F
3-2: Strikes out swinging
Batting: RHB Tae-kwon Kwon 0-0: Foul Ball, location: 2F
0-1: Ball
1-1: Ball
2-1: DOUBLE (Line Drive, 7M)
Batting: RHB Iván Gonzáles 0-0: Fly out, F8 (Flyball, 8LD)
Bottom of the 4th over - 1 run(s), 2 hit(s), 0 error(s), 1 left on base; St Charles 1 - Seattle 1
TOP OF THE 5TH
St Charles Sheens batting - Pitching for Seattle Pikes : RHP Jesús Suárez
Batting: RHB Alfredo Rivera 0-0: Called Strike
0-1: SINGLE (Flyball, 8LS)
Batting: RHB Kel Pierce 0-0: Called Strike
0-1: Ball
1-1: Ball
2-1: Ball
3-1: Called Strike
3-2: Fly out, F3 (Popup, 3SF)
Batting: SHB Richard Bowman 0-0: Ball
1-0: Ball
2-0: Fly out, F7 (Flyball, 7M)
Batting: RHB Dan Tyler 0-0: Ball
1-0: Ball
2-0: Called Strike
2-1: Fielders Choice at 2nd, 5-4 (Groundball, 56)
Top of the 5th over - 0 run(s), 1 hit(s), 0 error(s), 0 left on base; St Charles 1 - Seattle 1
BOTTOM OF THE 5TH
Seattle Pikes batting - Pitching for St Charles Sheens : RHP Gustavo Ramos
Batting: SHB Jong-min Kim 0-0: Ball
1-0: Ball
2-0: Foul Ball, location: 2F
2-1: Ball
3-1: Fly out, F8 (Flyball, 8LS)
Batting: RHB George Howard 0-0: Ball
1-0: Fly out, F9 (Flyball, 9M)
Batting: LHB Chad Weaver 0-0: Ball
1-0: Foul Ball, location: 2F
1-1: Ball
2-1: Called Strike
2-2: Fly out, F4 (Popup, 34D)
Bottom of the 5th over - 0 run(s), 0 hit(s), 0 error(s), 0 left on base; St Charles 1 - Seattle 1
TOP OF THE 6TH
St Charles Sheens batting - Pitching for Seattle Pikes : RHP Jesús Suárez
Batting: RHB Xavier Feliciano 0-0: Ball
1-0: Called Strike
1-1: Ball
2-1: Called Strike
2-2: Ball
3-2: Foul Ball, location: 2F
3-2: Foul Ball, location: 2F
3-2: Base on Balls
Batting: LHB Marcos Cantú 0-0: Called Strike
0-1: Called Strike
0-2: Ball
1-2: Strikes out swinging
Batting: RHB Júlio Hernández 0-0: Ball
1-0: Fielders Choice at 2nd, 1-6 (Groundball, 15)
Batting: RHB Max Rash 0-0: Called Strike
0-1: Ball
1-1: Swinging Strike
1-2: Strikes out swinging
Top of the 6th over - 0 run(s), 0 hit(s), 0 error(s), 1 left on base; St Charles 1 - Seattle 1
BOTTOM OF THE 6TH
Seattle Pikes batting - Pitching for St Charles Sheens : RHP Gustavo Ramos
Batting: LHB Robinson Fernández 0-0: Ball
1-0: Ball
2-0: Foul Ball, location: 2F
2-1: DOUBLE (Flyball, 7LS)
Batting: RHB Dave Morgan 0-0: Foul Ball, location: 2F
0-1: Ball
1-1: Ball
2-1: DOUBLE (Line Drive, 78D)
Robinson Fernández scores
Batting: RHB Manuel Rico 0-0: Ball
1-0: Called Strike
1-1: Ball
2-1: Foul Ball, location: 2F
2-2: Strikes out looking
Batting: LHB Eduardo Gómez 0-0: Intentional Walk
Pitching: RHP Paco Canpos
Pinch Runner at 2nd Bruno Lalonde:
Batting: RHB Tae-kwon Kwon 0-0: Ball
1-0: Ground out 2-3 (Groundball, 25)
Bruno Lalonde to third
Eduardo Gómez to second
Batting: RHB Iván Gonzáles 0-0: Swinging Strike
0-1: Foul Ball, location: 2F
0-2: Ball
1-2: Foul Ball, location: 2F
1-2: Ball
2-2: Foul Ball, location: 2F
2-2: Reached on Error, E2 (Popup, 2R)
Bruno Lalonde scores
Eduardo Gómez to third
Batting: SHB Jong-min Kim 0-0: Called Strike
0-1: Called Strike
0-2: Ball
1-2: SINGLE (Line Drive, 3D)
Eduardo Gómez scores
Iván Gonzáles to second
Runner from 2nd tries for 3rd, OUT!
Bottom of the 6th over - 3 run(s), 3 hit(s), 1 error(s), 1 left on base; St Charles 1 - Seattle 4
TOP OF THE 7TH
St Charles Sheens batting - Pitching for Seattle Pikes : RHP Jesús Suárez
Now in RF: Lorenzo Ayala
Batting: LHB Jeff Carter 0-0: Called Strike
0-1: Ball
1-1: Foul Ball, location: 2F
1-2: Strikes out looking
Batting: RHB Alfredo Rivera 0-0: Ball
1-0: Ball
2-0: Ball
3-0: Base on Balls
Batting: RHB Kel Pierce 0-0: Called Strike
0-1: DOUBLE (Line Drive, 7LM)
Alfredo Rivera to third
Batting: SHB Richard Bowman 0-0: Called Strike
0-1: Foul Ball, location: 2F
0-2: Ball
1-2: Fly out, F7 (Flyball, 7S)
Batting: RHB Dan Tyler 0-0: Ball
1-0: Ball
2-0: Fly out, F9 (Flyball, 9D)
Top of the 7th over - 0 run(s), 1 hit(s), 0 error(s), 2 left on base; St Charles 1 - Seattle 4
BOTTOM OF THE 7TH
Seattle Pikes batting - Pitching for St Charles Sheens : RHP Paco Canpos
Batting: RHB George Howard 0-0: Ground out 5-3 (Groundball, 5)
Batting: LHB Chad Weaver 0-0: Fly out, F6 (Popup, 6D)
Batting: LHB Robinson Fernández 0-0: SINGLE (Line Drive, 56D)
Batting: RHB Lorenzo Ayala 0-0: Ball
1-0: Called Strike
1-1: Swinging Strike
1-2: Ground out 5-3 (Groundball, 5S)
Bottom of the 7th over - 0 run(s), 1 hit(s), 0 error(s), 1 left on base; St Charles 1 - Seattle 4
TOP OF THE 8TH
St Charles Sheens batting - Pitching for Seattle Pikes : RHP Jesús Suárez
Pitching: RHP Jim Nelson
Batting: RHB Xavier Feliciano 0-0: Ball
1-0: Foul Ball, location: 2F
1-1: Foul Ball, location: 2F
1-2: DOUBLE (Flyball, 89XD)
Pitching: LHP Cristián Escobar
Batting: LHB Marcos Cantú 0-0: Ball
1-0: Called Strike
1-1: SINGLE (Flyball, 8LS)
Xavier Feliciano to third
Pitching: RHP Ernesto Beltrán
Batting: RHB Júlio Hernández 0-0: Swinging Strike
0-1: Ball
1-1: Fly out, F4 (Popup, 3D)
Pitching: LHP John Whitaker
Batting: RHB Max Rash 0-0: Ball
1-0: Fielders Choice at 2nd, 6-4 (Groundball, 6M)
Xavier Feliciano scores
Batting: LHB Jeff Carter 0-0: Called Strike
0-1: Ball
1-1: Foul Ball, location: 2F
1-2: Strikes out looking
Top of the 8th over - 1 run(s), 2 hit(s), 0 error(s), 1 left on base; St Charles 2 - Seattle 4
BOTTOM OF THE 8TH
Seattle Pikes batting - Pitching for St Charles Sheens : RHP Paco Canpos
Batting: RHB Manuel Rico 0-0: Ball
1-0: Ball
2-0: DOUBLE (Flyball, 78XD)
Batting: LHB Eduardo Gómez 0-0: Intentional Walk
Batting: RHB Tae-kwon Kwon 0-0: Sac Bunt - play at first, batter OUT! 1-3
Manuel Rico to third
Eduardo Gómez to second
Pitching: LHP Shan Liu
Batting: RHB Iván Gonzáles 0-0: Intentional Walk
Batting: SHB Jong-min Kim 0-0: Ball
Wild Pitch!
Manuel Rico scores
Eduardo Gómez to third
Iván Gonzáles to second
1-0: Called Strike
1-1: Ball
2-1: Fly out, F9 (Line Drive, 9M)
Runner from 3rd tags up, SCORES, throw made
Batting: RHB George Howard 0-0: Called Strike
0-1: Ball
1-1: Foul Ball, location: 2F
1-2: Foul Ball, location: 2F
1-2: Ground out 5-3 (Groundball, 5)
Bottom of the 8th over - 2 run(s), 1 hit(s), 0 error(s), 1 left on base; St Charles 2 - Seattle 6
TOP OF THE 9TH
St Charles Sheens batting - Pitching for Seattle Pikes : LHP John Whitaker
Batting: RHB Alfredo Rivera 0-0: Foul Ball, location: 2F
0-1: Ball
1-1: Foul Ball, location: 2F
1-2: Foul Ball, location: 2F
1-2: Strikes out swinging
Batting: RHB Kel Pierce 0-0: Called Strike
0-1: TRIPLE (Flyball, 89XD)
Batting: SHB Richard Bowman 0-0: Called Strike
0-1: Called Strike
0-2: Ball
1-2: Strikes out looking
Batting: RHB Dan Tyler 0-0: SINGLE (Line Drive, 56D)
Kel Pierce scores
Pitching: RHP José Salinas
Batting: RHB Xavier Feliciano 0-0: Ground out 6-3 (Groundball, 6)
Top of the 9th over - 1 run(s), 2 hit(s), 0 error(s), 1 left on base; St Charles 3 - Seattle 6
This league is powered by Out of the Park Baseball, the baseball management simulation game for PC, Mac and Linux
Saturday, April 9th, 2016 - OOTP Baseball 16.8 Build 38